 Seeded DCSS version 0.27-a0-1529-g1e82c30 (webtiles) character file.

Game seed: 5311270035814185055 (custom seed)

66362 brinewave the Spry (level 15, -4/94 HPs)
             Began as a Tengu Berserker on July 11, 2021.
             Was the Champion of Trog.
             Slain by an infernal demonspawn (17 damage)
             ... on level 2 of the Orcish Mines on July 12, 2021.
             The game lasted 02:06:55 (28192 turns).

brinewave the Spry (Tengu Berserker)               Turns: 28192, Time: 02:06:57

Health: -4/94      AC: 14    Str: 29    XL:     15   Next: 19%
Magic:  16/16      EV: 28    Int: 14    God:    Trog [******]
Gold:   1308       SH: 12    Dex: 13    Spells: 14/14 levels left

rFire    . . .     SeeInvis .   j - +1 rapier of Soeq Jomm {vorpal, rC++}
rCold    + + +     Faith    .   L - +2 buckler {AC+3}
rNeg     + . .     Spirit   .   X - +2 leather armour {rC+}
rPois    .         Reflect  +   (helmet restricted)
rElec    .         Harm     .   P - +2 cloak "Olai" {Str+5 Int+6}
rCorr    .         Rampage  .   i - +2 pair of gloves
Will     +....                  (boots unavailable)
Stlth    +++++.....             s - amulet of reflection
HPRegen  0.25/turn              E - +4 ring of evasion
MPRegen  0.15/turn              F - ring of positive energy

@: flying quickly and evasively, quick
A: beak, talons 3, nimble flight
a: Renounce Religion, Berserk, Trog's Hand, Brothers in Arms


You were on level 2 of the Orcish Mines.
You worshipped Trog.
Trog was exalted by your worship.
You visited 3 branches of the dungeon, and saw 18 of its levels.
You also visited: Ossuary and Bailey.

You collected 1761 gold pieces.
You spent 453 gold pieces at shops.

Inventory:

Hand Weapons
 j - the +1 rapier of Soeq Jomm (weapon) {vorpal, rC++}
   (You bought it in a shop on level 9 of the Dungeon)

   It inflicts extra damage upon your enemies.
   rC:        It greatly protects you from cold.
 q - a +4 short sword of protection
 r - the +5 falchion of the Iron City of Dis {vorpal, Contam rN+++ Str-2 Dex+3}
   (You found it on level 1 of the Lair of Beasts)

   It inflicts extra damage upon your enemies.
   Str:       It affects your strength (-2).
   Dex:       It affects your dexterity (+3).
   rN:        It renders you almost immune to negative energy.
   Contam:    It causes magical contamination when unequipped.
 t - a +7 antimagic quick blade
 v - a +3 dagger of venom
 w - a +5 rapier of flaming
 N - a +2 short sword of flaming
Missiles
 u - 7 datura-tipped darts
 O - 9 poisoned darts (quivered)
 W - 8 silver javelins
 Z - 5 curare-tipped darts
Armour
 a - a +2 chain mail of willpower
 c - a +0 robe of resistance
 i - a +2 pair of gloves (worn)
 B - a +4 plate armour of fire resistance
 J - the +5 plate armour of Kleptomania {Dex+3}
   (You found it on level 3 of the Lair of Beasts)

   Dex:       It affects your dexterity (+3).
 L - a +2 buckler of protection (worn)
 P - the +2 cloak "Olai" (worn) {Str+5 Int+6}
   (You found it on level 3 of the Lair of Beasts)

   Str:       It affects your strength (+5).
   Int:       It affects your intelligence (+6).
 X - a +2 leather armour of cold resistance (worn)
Jewellery
 s - an amulet of reflection (around neck)
 z - a ring of resist corrosion
 E - a +4 ring of evasion (left hand)
 F - a ring of positive energy (right hand)
 R - a ring of protection from fire
 T - a ring of see invisible
 Y - an amulet of guardian spirit
Wands
 n - a wand of iceblast (12)
 A - a wand of paralysis (7)
 Q - a wand of charming (19)
 S - a wand of acid (8)
 U - a wand of digging (7)
 V - a wand of polymorph (20)
Scrolls
 e - 2 scrolls of fog
 k - 3 scrolls of magic mapping
 o - a scroll of holy word
 C - 4 scrolls of teleportation
 G - a scroll of fear
 M - a scroll of brand weapon
Potions
 b - 4 potions of attraction
 d - 10 potions of curing
 f - 2 potions of flight
 g - 5 potions of invisibility
 h - 3 potions of heal wounds
 l - 2 potions of resistance
 m - 3 potions of berserk rage
 p - 4 potions of lignification
 x - 9 potions of brilliance
 D - 4 potions of haste
 H - 3 potions of ambrosia
 K - a potion of cancellation
Miscellaneous
 y - a condenser vane


   Skills:
 + Level 11.0 Fighting
 - Level 14.0 Short Blades
 - Level 2.4 Armour
 + Level 17.7 Dodging
 + Level 12.0 Stealth
 - Level 4.0 Shields


You had 14 spell levels left.
You didn't know any spells.
Your spell library was empty.

Dungeon Overview and Level Annotations

Branches:
Dungeon (10/15)            Temple (0/1) D:6            Lair (6/6) D:9
  Swamp (0/4) Lair:2       Spider (0/4) Lair:4        Slime (0/5) Lair:6
    Orc (2/2) D:9             Elf (0/3) Orc:2       Ossuary (visited)
 Bailey (visited)

Altars:
Ashenzari
Fedhas
Hepliaklqana
Kikubaaqudgha
Sif Muna
Trog
Xom
Yredelemnul
Zin
Beogh
Jiyva

Shops:
D:1 :   D:3 :=   D:9 (   Orc:2 !*

Annotations:
D:9 2 transporters


Innate Abilities, Weirdness & Mutations

You have a beak for a mouth.
You have claws for feet.
Your magical nature lets you fly swiftly and evasively.


Message History

a +0 plate armour; a +0 flail
Things that are here:
a +0 plate armour; a +1 flail of draining
Items here: ( )))))))))) [[[[[[[[[ ÷÷÷ ††††.
Things that are here:
a +3 dagger of flaming; a +0 plate armour; a +0 long sword You hit the infernal demonspawn but do no damage.
You claw the infernal demonspawn!
The infernal demonspawn is lightly wounded.
The infernal demonspawn hits you with a +0 scimitar!
You are engulfed in flames!
You hit the infernal demonspawn.
Your kick misses the infernal demonspawn.
You peck the infernal demonspawn, but do no damage.
The infernal demonspawn is moderately wounded.
You puncture the infernal demonspawn!
Your kick misses the infernal demonspawn.
The infernal demonspawn is heavily wounded.
The infernal demonspawn hits you with a +0 scimitar!
You are engulfed in flames!
You hit the infernal demonspawn but do no damage.
You peck the infernal demonspawn, but do no damage.
The infernal demonspawn is heavily wounded.
You puncture the infernal demonspawn!
Your peck misses the infernal demonspawn.
The infernal demonspawn is severely wounded.
The infernal demonspawn hits you with a +0 scimitar.
You are engulfed in flames!
You hit the infernal demonspawn but do no damage.
Your kick misses the infernal demonspawn.
You peck the infernal demonspawn.
The infernal demonspawn is severely wounded.
You puncture the infernal demonspawn!
You claw the infernal demonspawn, but do no damage.
Your peck misses the infernal demonspawn.
The infernal demonspawn is almost dead.
The infernal demonspawn hits you with a +0 scimitar!!
* * * LOW HITPOINT WARNING * * *
You are engulfed in flames!
You die...

...###.......# .##.....#.∩##
#####.....#.## ...##..#.....#
#..###..)).6.## #..##.....#.∩##
....###.#.##..###.o##[...#...##
.....###...##.o#..##.[.#....##
..#...###..6##...##...[..).##
..##...###..6##.##.).###..##
........###...###...###).##
#.##.....###..[#@..###.)##
..###.....###.#6#.###.[##
...........###.).###..##
#.#........3###.###..## ##
###.._.......#####..#####.##
#...........###.[###.#...#
#........##..#..[##.#...#
###......#..#...........#
##.#.........).......##


You could see an infernal demonspawn.

Vanquished Creatures
  An orc warlord (D:9)
  The ghost of Huasawuy the Grappler, a journeyman TrWz of Okawaru (Lair:3)
  Josephine (Lair:4)
  7 hydras
  Fannar (Lair:3)
  Erica (Lair:2)
  5 death yaks
  Urug (Orc:1)
  5 orc high priests (Orc:2)
  Nergalle (Lair:1)
  5 orc sorcerers
  5 orc knights
  An orb spider (Lair:4)
  An oklob plant (Lair:5)
  An elephant (Lair:5)
  2 smoke demons (Orc:2)
  2 orange demons (Orc:2)
  6 black mambas
  9 cane toads
  11 komodo dragons
  4 rime drakes
  A hellwing (Orc:2)
  6 hornets
  6 trolls
  A queen bee (Lair:2)
  5 polar bears
  11 blink frogs
  2 dream sheep
  12 spriggans
  3 wyverns
  65 yaks
  5 wraiths
  A ynoxinul (Orc:2)
  A basilisk (Lair:5)
  3 steam dragons
  A chaos spawn (Orc:2)
  4 wargs (D:9)
  12 water moccasins
  3 black bears
  46 orc warriors
  3 sky beasts
  35 wolves
  13 ogres
  4 boggarts (Lair:6)
  2 necrophages
  3 kobold brigands
  5 bullfrogs
  2 gnoll sergeants (D:9)
  A scorpion (D:5)
  3 wyvern zombies (Ossuary)
  2 wyvern skeletons
  A water moccasin skeleton (D:6)
  4 water moccasin zombies
  6 wights
  24 killer bees
  An electric eel (Lair:3)
  2 howler monkeys (D:7)
  6 centaur zombies
  24 orc priests
  10 bullfrog zombies (Ossuary)
  2 bullfrog skeletons (D:5)
  17 orc wizards
  5 killer bee zombies
  13 mummies
  A hound skeleton (D:4)
  3 howler monkey zombies
  11 gnolls
  4 adders
  A shadow imp (D:6)
  An ufetubus (D:4)
  2 worms (D:4)
  A dart slug (D:1)
  80 orcs
  5 ball pythons
  7 bats
  7 endoplasms
  5 giant cockroaches
  5 hobgoblins
  15 jackals
  8 quokkas
  2 frilled lizards
  16 goblins
  A hobgoblin zombie (D:5)
  30 kobolds
  An orc zombie (D:5)
  6 rats
659 creatures vanquished.

Vanquished Creatures (others)
  An orc warrior (Orc:2)
  2 orc priests (Orc:2)
  2 bushes (Lair:4)
  39 fungi
  45 plants
  5 withered plants (Ossuary)
94 creatures vanquished.

Grand Total: 753 creatures vanquished

Notes
Turn   | Place    | Note
-------+----------+-------------------------------------------
     0 | D:1      | brinewave the Tengu Berserker began the quest for the Orb.
     0 | D:1      | Reached XP level 1. HP: 14/14 MP: 2/2
   119 | D:1      | Found Ysim's Book Shoppe.
   232 | D:1      | Reached XP level 2. HP: 19/19 MP: 3/3
   394 | D:1      | Reached skill level 1 in Stealth
   595 | D:1      | Reached XP level 3. HP: 23/23 MP: 4/4
   793 | D:1      | Reached ** piety under Trog
  1835 | D:2      | Reached XP level 4. HP: 28/28 MP: 5/5
  1948 | D:2      | Found a faded altar of an unknown god.
  2313 | D:3      | Noticed a necrophage
  2318 | D:3      | Killed a necrophage
  2319 | D:3      | Reached skill level 5 in Short Blades
  2319 | D:3      | Gained mutation: Your magical nature lets you fly swiftly
                  | and evasively. [Tengu growth]
  2319 | D:3      | Reached XP level 5. HP: 32/32 MP: 6/6
  2583 | D:3      | Found Niar's Book Emporium.
  2655 | D:3      | Found Xeycitas's Jewellery Boutique.
  2684 | D:3      | Reached *** piety under Trog
  3201 | D:4      | Reached XP level 6. HP: 22/37 MP: 7/7
  3497 | D:4      | Reached skill level 3 in Dodging
  3795 | D:4      | Found a basalt altar of Yredelemnul.
  4239 | D:5      | Entered Level 5 of the Dungeon
  4428 | D:5      | Reached skill level 4 in Dodging
  4428 | D:5      | Reached XP level 7. HP: 29/41 MP: 8/8
  4471 | D:5      | HP: 2/41 [ogre (19)]
  4840 | D:5      | Found a sand-covered staircase.
  4847 | Ossuary  | Entered an ossuary
  4979 | Ossuary  | Reached skill level 5 in Dodging
  5225 | Ossuary  | Reached XP level 8. HP: 36/46 MP: 9/9
  5237 | Ossuary  | Reached skill level 6 in Dodging
  5249 | Ossuary  | Reached **** piety under Trog
  5808 | Ossuary  | Reached skill level 7 in Dodging
  6300 | Ossuary  | Reached XP level 9. HP: 50/50 MP: 10/10
  6470 | D:5      | Reached skill level 8 in Dodging
  7165 | D:5      | Found an ancient bone altar of Kikubaaqudgha.
  7165 | D:5      | Found a glowing silver altar of Zin.
  7168 | D:5      | Found a broken altar of Ashenzari.
  7477 | D:6      | Found a staircase to the Ecumenical Temple.
  7509 | D:6      | Reached skill level 10 in Short Blades
  7829 | D:6      | Reached skill level 9 in Dodging
  7879 | D:6      | Reached ***** piety under Trog
  8461 | D:7      | Noticed a troll
  8475 | D:7      | Killed a troll
  8679 | D:7      | Found a bloodstained altar of Trog.
  8704 | D:7      | Reached skill level 10 in Dodging
  8704 | D:7      | Reached XP level 10. HP: 56/56 MP: 11/11
  9726 | D:8      | Found a blossoming altar of Fedhas.
  9887 | D:8      | Reached skill level 11 in Dodging
 10422 | D:9      | Found Dasar's Antique Weapon Boutique.
 10457 | D:9      | Found a flagged portal.
 10483 | Bailey   | Entered a bailey
 10521 | Bailey   | Received a gift from Trog
 11121 | D:9      | Noticed a purple ugly thing
 11122 | D:9      | Found a transporter.
 11122 | D:9      | Noticed a centaur warrior
 11123 | D:9      | Noticed a centaur warrior
 11124 | D:9      | Found a transporter.
 11145 | D:9      | Found a shimmering blue altar of Sif Muna.
 11145 | D:9      | Found a hazy altar of Hepliaklqana.
 11231 | D:9      | Found a staircase to the Lair.
 11444 | D:9      | Found a staircase to the Orcish Mines.
 11847 | D:9      | Reached XP level 11. HP: 60/60 MP: 12/12
 11873 | D:9      | Reached skill level 12 in Dodging
 12208 | D:9      | Reached skill level 1 in Shields
 12255 | D:9      | Noticed a death drake
 12255 | D:9      | a wind drake changed into a death drake
 12302 | D:9      | Bought a crude rapier for 243 gold pieces
 12302 | D:9      | Identified the +1 rapier of Soeq Jomm {vorpal, rC++} (You
                  | bought it in a shop on level 9 of the Dungeon)
 12631 | D:10     | Entered Level 10 of the Dungeon
 12751 | Lair:1   | Entered Level 1 of the Lair of Beasts
 12858 | Lair:1   | Received a gift from Trog
 12871 | Lair:1   | Noticed Nergalle
 13186 | Lair:1   | Killed Nergalle
 13363 | Lair:1   | Identified the +5 falchion of the Iron City of Dis {vorpal,
                  | Contam rN+++ Str-2 Dex+3}
 13757 | Lair:1   | Noticed a five-headed hydra
 13767 | Lair:1   | Killed a five-headed hydra
 13768 | Lair:1   | Reached skill level 13 in Dodging
 14074 | Lair:2   | Noticed a seven-headed hydra
 14117 | Lair:2   | Killed a seven-headed hydra
 14118 | Lair:2   | Reached XP level 12. HP: 50/64 MP: 13/13
 14548 | Lair:2   | Noticed Erica
 14577 | Lair:2   | Reached skill level 14 in Dodging
 14584 | Lair:2   | Identified the +2 cloak "Kiulemaeq" {Harm}
 14739 | Lair:2   | Noticed a six-headed hydra
 14754 | Lair:2   | Killed a six-headed hydra
 14961 | Lair:2   | Noticed an eight-headed hydra
 14962 | Lair:2   | Found a staircase to the Swamp.
 14978 | Lair:2   | Killed an eight-headed hydra
 15614 | Lair:3   | Found a runed translucent door.
 15614 | Lair:3   | Noticed Huasawuy's ghost (journeyman TrWz)
 15952 | Lair:3   | Noticed Fannar
 15985 | Lair:3   | Killed Fannar
 16105 | Lair:3   | Identified the +5 plate armour of Kleptomania {Dex+3}
 16250 | Lair:3   | Noticed an eight-headed hydra
 16255 | Lair:3   | Identified the +2 cloak "Olai" {Str+5 Int+6}
 16282 | Lair:3   | Killed an eight-headed hydra
 16283 | Lair:3   | Reached skill level 5 in Stealth
 16303 | Lair:3   | Reached skill level 15 in Dodging
 16694 | Lair:4   | Noticed Josephine
 16694 | Lair:4   | Noticed an eight-headed hydra
 16852 | Lair:4   | Reached skill level 5 in Fighting
 17004 | Lair:4   | Killed an eight-headed hydra
 17136 | Lair:4   | Reached XP level 13. HP: 74/74 MP: 14/14
 17169 | Lair:4   | Killed Josephine
 17603 | Lair:4   | Found a hole to the Spider Nest.
 17739 | Lair:4   | Received a gift from Trog
 18846 | Lair:5   | Reached skill level 16 in Dodging
 19975 | Lair:6   | Entered Level 6 of the Lair of Beasts
 20021 | Lair:6   | Reached XP level 14. HP: 80/84 MP: 15/15
 20052 | Lair:6   | Found a viscous altar of Jiyva.
 20052 | Lair:6   | Found a staircase to the Slime Pits.
 20248 | Lair:6   | Received a gift from Trog
 20509 | Lair:6   | Reached skill level 10 in Stealth
 20673 | Lair:6   | Reached ****** piety under Trog
 21774 | Lair:3   | Killed Huasawuy's ghost
 22110 | Lair:2   | Killed Erica
 22111 | Lair:2   | Reached skill level 17 in Dodging
 22208 | Orc:1    | Entered Level 1 of the Orcish Mines
 22217 | Orc:1    | Noticed an orc warlord
 23558 | D:9      | Killed an orc warlord
 23736 | Orc:1    | Found a shimmering altar of Xom.
 23775 | Orc:1    | Received a gift from Trog
 23868 | Orc:2    | Entered Level 2 of the Orcish Mines
 23870 | Orc:2    | Reached skill level 10 in Fighting
 23872 | Orc:2    | Found a staircase to the Elven Halls.
 24357 | Orc:2    | Found Lalawism's Distillery.
 24359 | Orc:2    | Found Teir's General Store.
 24759 | Orc:2    | Paralysed by an orc sorcerer for 4 turns
 25304 | Orc:1    | Noticed Urug
 25366 | Orc:1    | Identified the +8 short sword of Pride {flame, rF- rN+
                  | Dex+6} (Trog gifted it to you on level 1 of the Orcish
                  | Mines)
 25366 | Orc:1    | Received a gift from Trog
 25438 | Orc:1    | You are sucked into a shaft and drop 1 floor!
 25729 | Orc:1    | Killed Urug
 27033 | Orc:2    | Bought 2 potions of curing for 60 gold pieces
 27033 | Orc:2    | Bought a potion of haste for 100 gold pieces
 27033 | Orc:2    | Bought a potion of heal wounds for 50 gold pieces
 27514 | Orc:2    | Reached XP level 15. HP: 93/93 MP: 16/16
 28081 | Orc:2    | Received a gift from Trog
 28192 | Orc:2    | Slain by an infernal demonspawn

Illustrated notes

Levels and vault maps discovered:
D:1:      dpeg_arrival_boxes_within_box, layout_rooms, serial_shops,
          nicolae_lakefront_shop, item_on_display_a
D:2:      layout_loops_corners, shapermc_ecumenical_altar_mp_vishouse
D:3:      layout_loops_ring, serial_shops, nicolae_shop_crystal, shop,
          lemuel_old_faithful
D:4:      layout_rooms, mainiacjoe_overflow_six_doors_small,
          chequers_serial_rivers_large_a
D:5:      layout_loops_ring, nicolae_overflow_hidden_temple,
          nicolae_ossuary_entry_giza, amcnicky_mini_corridor_feature
D:6:      layout_loops_cross, minmay_temple_entry_gardened_gates
D:7:      layout_basic, mainiacjoe_overflow_catwalk
D:8:      layout_gridville, fedhas_altar_fruit_tree
D:9:      layout_basic, gammafunk_temple_overflow_arena, dpeg_oklobed_lair,
          kennysheep_orc_monster_closet_entryway, serial_curves, eino_curves_02,
          eino_curves_03, eino_curves_04, eino_curves_02, enter_bailey_5,
          serial_shops, nicolae_shop_window_shopping
D:10:     layout_irregular_city
Lair:1:   layout_cellular_growth, hangedman_lair_generics_rect, uniq_nergalle
Lair:2:   layout_gridlike, swamp_mist, special_room [special_room_bee],
          infiniplex_staircase_pool_2, grunt_megastairs_2, lemuel_fruit_tree,
          serial_bayou_shore_b, lemuel_fruit_fields, lemuel_fruit_fields,
          uniq_erica
Lair:3:   layout_cave_pods, hellmonk_ghost_happy_afterlife,
          grunt_forest_large_clearing_hut, serial_bayou_shore_a, uniq_fannar
Lair:4:   layout_regular_city, nicolae_spider_entry_orb_guardian, uniq_josephine
Lair:5:   layout_cave_pods, beast_lair_carwin_7, lemuel_fruit_fields
Lair:6:   minmay_lair_end_enchanted_forest, layout_concentric_octagons,
          dpeg_slime_entry_enclosed_altar, chequers_serial_rivers_micro_b,
          serial_bayou_pond_d, fungi_pond_lemuel
Orc:1:    layout_caves, basic_altar, uniq_urug
Orc:2:    pf_orc_diabolical, layout_caves, basic_altar

Skill      XL: |  1  2  3  4  5  6  7  8  9 10 11 12 13 14 15 |
---------------+----------------------------------------------+-----
Stealth        | 1 2 3 6 9 11 12 | 12.0
Short Blades   | 4 5 6 7 9 11 12 14 | 14.0
Dodging        | 4 5 7 10 11 13 15 16 17 | 17.7
Shields        | 4 |  4.0
Fighting       | 5 8 10 11 | 11.0
Armour         | |  2.4

Action                   |  1- 3 |  4- 6 |  7- 9 | 10-12 | 13-15 || total
-------------------------+-------+-------+-------+-------+-------++-------
Melee: Short sword       |    85 |   122 |       |       |       ||   207
       Kick              |    20 |    50 |   156 |   350 |   613 ||  1189
       Peck              |     5 |    30 |   101 |   209 |   401 ||   746
       Dagger            |       |    51 |   400 |   434 |       ||   885
       Rapier            |       |       |       |   579 |  1495 ||  2074
       Quick blade       |       |       |       |       |    27 ||    27
Throw: Dart              |       |       |     1 |     6 |     2 ||     9
       Stone             |       |       |     5 |       |       ||     5
Invok: Berserk           |       |     1 |       |     1 |       ||     2
Evoke: Condenser vane    |       |       |       |       |     1 ||     1
  Use: Scroll            |     7 |     5 |     6 |    11 |     7 ||    36
       Potion            |       |       |     1 |       |     1 ||     2
 Stab: Sleeping          |     4 |     5 |     6 |     2 |    11 ||    28
       Distracted        |       |       |     3 |       |     4 ||     7
Armor: Animal skin       |    18 |     1 |       |       |       ||    19
       Leather armour    |       |    14 |    26 |    72 |    85 ||   197
       Steam dragon scal |       |       |       |     2 |       ||     2
Dodge: Dodged            |    33 |    85 |   175 |   561 |   567 ||  1421
Block: Other             |       |       |       |    12 |       ||    12
       Reflection        |       |       |       |     2 |    12 ||    14
       Buckler           |       |       |       |   247 |   466 ||   713

Table legend: (Time is in decaauts)
 A = Elapsed time spent in this place.
 B = Non-inter-level travel time spent in this place.
 C = Inter-level travel time spent in this place.
 D = Time resting spent in this place.
 E = Time spent auto-exploring this place.
 F = Levels seen in this place.
 G = Mean time per level.
                   A        B        C        D        E       F      G
               +--------+--------+--------+--------+--------+-----+--------+
         Total |  25632 |  25126 |    506 |  10163 |   8420 |  20 | 1281.6 |
       Dungeon |  11634 |  11376 |    258 |   4456 |   3890 |  10 | 1163.4 |
          Lair |   8276 |   8038 |    238 |   2454 |   3530 |   6 | 1379.3 |
  Orcish Mines |   3944 |   3935 |      9 |   2067 |    918 |   2 | 1972.0 |
       Ossuary |   1391 |   1391 |      0 |   1061 |     43 |   1 | 1391.0 |
        Bailey |    384 |    384 |      0 |    123 |     38 |   1 |  384.0 |
               +--------+--------+--------+--------+--------+-----+--------+

Top non-repeatable levels by time:
     D:9: 2599 daAuts
   Orc:2: 2473 daAuts
  Lair:4: 1590 daAuts
  Lair:2: 1586 daAuts
  Lair:3: 1472 daAuts
   Orc:1: 1471 daAuts
 Ossuary: 1391 daAuts
     D:4: 1361 daAuts
     D:2: 1356 daAuts
  Lair:6: 1311 daAuts
  Lair:5: 1278 daAuts
     D:6: 1214 daAuts
  Lair:1: 1036 daAuts
     D:8: 1010 daAuts
     D:5: 991 daAuts
